 Dungeon Crawl Stone Soup version 0.26-a0-1164-g1a551d6a14 (webtiles) character file.

Game seed: 1298325815883452928

360372 sahdkjhfkaj the Executioner (level 21, 0/274 (285) HPs)
             Began as a Minotaur Berserker on Dec 23, 2020.
             Was the Champion of Trog.
             Killed by vampiric draining
             ... invoked by a ghostly deep elf death mage
              (17 damage)
             ... on level 3 of the Elven Halls on Dec 24, 2020.
             The game lasted 01:07:33 (45367 turns).

sahdkjhfkaj the Executioner (Minotaur Berserker)   Turns: 45367, Time: 01:07:34

HP:   0/274 (285)   AC: 32    Str: 35    XL:     21   Next: 47%
MP:   29/29         EV: 18    Int:  6    God:    Trog [******]
Gold: 3660          SH: 37    Dex: 11    Spells: 20/20 levels left

rFire    + . .     SeeInvis .   a - +4 broad axe of Demon's Regret {vorpal, rF+ Str+6}
rCold    . . .     Faith    .   f - +6 tower shield "Ruypn" {rPois}
rNeg     . . .     Spirit   .   W - +2 storm dragon scales {Bai Suzhen}
rPois    +         Reflect  +   M - +2 hat {Will+}
rElec    +         Harm     .   F - +0 cloak
rCorr    .         Rampage  .   V - +2 pair of gloves
Will     +++..                  N - +1 pair of boots {Stlth+}
Stlth    ..........             D - amulet of reflection
HPRegen  0.55/turn              P - ring "Lumiten" {+Inv MP+9 Slay+4}
MPRegen  0.21/turn              R - ring of willpower

@: berserking, lightly drained, very quick
A: retaliatory headbutt, horns 2
}: 2/15 runes: decaying, gossamer
a: Renounce Religion, Evoke Invisibility, Berserk, Trog's Hand, Brothers in Arms


You were on level 3 of the Elven Halls.
You worshipped Trog.
Trog was exalted by your worship.
You visited 7 branches of the dungeon, and saw 38 of its levels.
You also visited: Gauntlet, Ice Cave and Volcano.

You collected 5532 gold pieces.
You spent 1872 gold pieces at shops.

Inventory:

Hand Weapons
 a - the +4 broad axe of Demon's Regret (weapon) {vorpal, rF+ Str+6}
   (Trog gifted it to you on level 6 of the Lair of Beasts)

   It inflicts extra damage upon your enemies.
   It affects your strength (+6).
   It protects you from fire.
 b - the +8 war axe "Demonslayer" {flame, Str+3}
   (You found it on level 4 of the Lair of Beasts)

   It has been specially enchanted to burn those struck by it, causing extra
   injury to most foes and up to half again as much damage against particularly
   susceptible opponents.
   Big, fiery blades are also staple armaments of hydra-hunters.
   It affects your strength (+3).
Missiles
 z - 2 throwing nets {!f}
Armour
 f - the +6 tower shield "Ruypn" (worn) {rPois}
   (You found it on level 5 of the Dungeon)

   It protects you from poison.
 F - a +0 cloak (worn)
 M - a +2 hat of willpower (worn)
 N - a +1 pair of boots of stealth (worn)
 V - a +2 pair of gloves (worn)
 W - +2 storm dragon scales (worn) {Bai Suzhen}
Jewellery
 d - an uncursed ring of ice
 D - an amulet of reflection (around neck)
 G - a +4 ring of protection
 J - the ring "Ethrunt" {rElec rPois rF+ Dex+4}
   (You found it on level 1 of the Elven Halls)

   [ring of poison resistance]

   It affects your dexterity (+4).
   It protects you from fire.
   It insulates you from electricity.
   It protects you from poison.
 P - the ring "Lumiten" (left hand) {+Inv MP+9 Slay+4}
   (You found it on level 6 of the Lair of Beasts)

   [ring of slaying]

   It affects your accuracy and damage with ranged weapons and melee attacks
   (+4).
   It affects your magic capacity (+9).
   It lets you turn invisible.
 R - a ring of willpower (right hand)
Wands
 m - a wand of enslavement (17)
 o - a wand of iceblast (30)
 y - a wand of digging (24)
 S - a wand of acid (36)
 Y - a wand of disintegration (21)
Scrolls
 g - 4 scrolls of fog
 i - 17 scrolls of remove curse
 n - 6 scrolls of blinking
 p - 9 scrolls of immolation
 t - 10 scrolls of identify
 u - 4 scrolls of vulnerability
 v - 13 scrolls of teleportation {!r}
 x - a scroll of silence {!r}
 A - 2 scrolls of fear
 B - 8 scrolls of enchant weapon
 I - 4 scrolls of enchant armour
 X - a scroll of magic mapping
 Z - a scroll of holy word
Potions
 c - 6 potions of ambrosia
 e - 10 potions of curing
 h - 7 potions of mutation
 j - 8 potions of invisibility
 k - 13 potions of might
 r - 11 potions of lignification
 s - 11 potions of berserk rage
 w - 3 potions of magic
 C - 9 potions of haste
 E - 6 potions of cancellation
 H - 5 potions of resistance
 Q - 5 potions of attraction
Miscellaneous
 q - a condenser vane (inert)
 K - a phantom mirror
 L - a box of beasts
 O - a phial of floods
 T - a lightning rod (4/4)


   Skills:
 + Level 16.8 Fighting
 * Level 22.0 Axes
 - Level 21.3 Armour
 + Level 18.0 Dodging
 * Level 22.0 Shields
 - Level 10.0 Evocations


You had 20 spell levels left.
You didn't know any spells.
Your spell library contained the following spells:

 Spells                   Type           Power        Failure   Level
 Animate Skeleton         Necr           0%           85%         1
 Apportation              Tloc           0%           85%         1
 Magic Dart               Conj           0%           85%         1
 Pain                     Necr           0%           85%         1
 Sandblast                Erth           0%           85%         1
 Blink                    Tloc           N/A          94%         2
 Call Imp                 Summ           0%           94%         2
 Passwall                 Tmut/Erth      0%           94%         2
 Slow                     Hex            0%           94%         2
 Conjure Flame            Conj/Fire      0%           99%         3
 Lesser Beckoning         Tloc           0%           99%         3
 Mephitic Cloud           Conj/Pois/Air  0%           99%         3
 Stone Arrow              Conj/Erth      0%           99%         3
 Tukima's Dance           Hex            0%           99%         3
 Vampiric Draining        Necr           0%           99%         3
 Animate Dead             Necr           0%           100%        4
 Petrify                  Tmut/Erth      0%           100%        4
 Agony                    Necr           0%           100%        5
 Alistair's Intoxication  Tmut/Pois      0%           100%        5
 Lee's Rapid Deconstruct  Erth           0%           100%        5
 Invisibility             Hex            0%           100%        6


Dungeon Overview and Level Annotations

Branches:
Dungeon (15/15)            Temple (0/1) D:5            Lair (6/6) D:8
  Swamp (4/4) Lair:3       Spider (4/4) Lair:3        Slime (0/5) Lair:6
    Orc (2/2) D:11            Elf (3/3) Orc:2        Vaults (4/5) D:14
  Crypt (0/3) Vaults:2     Depths (0/5) D:15          IceCv (visited)
Volcano (visited)         Gauntlet (visited)

Altars:
Ashenzari
Cheibriados
Gozag
Hepliaklqana
Kikubaaqudgha
Okawaru
Qazlal
Sif Muna
Vehumet
Yredelemnul
Beogh

Shops:
D:4 (   D:6 :   D:9 !*[   D:13 (   D:14 *   D:15 (   Orc:2 !}***   Elf:2 (?
Vaults:2 (   Vaults:4 (?*!

Portals:
Abyss: Lair:5
Trove: Vaults:4 (give 14 potions of heal wounds)

Annotations:
Elf:2 3 runed translucent doors


Innate Abilities, Weirdness & Mutations

You reflexively headbutt those who attack you in melee.
You have a pair of horns on your head.


Message History

The deep elf demonologist is almost dead.
You hear a shout! x2
The deep elf death mage is struck by lightning.
The lost soul assumes the form of the deep elf death mage and becomes anchored to this world!
The deep elf demonologist is struck by lightning.
You kill the deep elf demonologist!
Trog accepts your kill.
Trog appreciates your killing of a magic user.
You hear a shout!
Unknown command.
You slice the ghostly deep elf death mage like a ripe choko!!!
The ghostly deep elf death mage is severely damaged.
The ghostly deep elf death mage is infused with unholy energy.
* * * LOW HITPOINT WARNING * * *
The ghostly deep elf death mage draws life force from you and is healed!
Okay, then.
A red film seems to cover your vision as you go berserk!
You feel yourself moving faster!
You feel mighty!
The ghostly deep elf death mage is infused with unholy energy.
You die...

..# ..# §§§§§§## ..#
#§§§§§.## ..# ##§§§§§..#
#'# #§§§§§§§§# ..#
§§§§§§§§# ..# #§§§§§# ..#
##§e§# ..# ##§§@# ..#
##...## ..# #...##
..###########.############
..........#...............
#.........+...............
##........#...............
.###'#########'##########+
.'....................


You could see a ghostly deep elf death mage.

Vanquished Creatures
  The ghost of Mycling the Warrior, a veteran DsFi of Okawaru (Vaults:4)
  Bai Suzhen (Swamp:4)
  Nikola (Orc:2)
  Arachne (Spider:4)
  The ghost of Twinkles the Spry, an adept MfIE of Hepliaklqana (Vaults:1)
  A tentacled monstrosity (Vaults:2)
  Rupert (D:13)
  Jorgrun (D:14)
  Asterion (Vaults:1)
  A sphinx (Vaults:4)
  The ghost of Zonian the Zephyrmancer, an adept TeCj of Vehumet (Swamp:1)
  A storm dragon (Elf:1)
  Agnes (D:14)
  Frances (D:13)
  Kirke (Spider:2)
  Gastronok (Lair:2)
  2 shadow dragons
  Donald (Vaults:4)
  A fire giant (Vaults:3)
  A tengu reaver (Vaults:3)
  3 fenstrider witches (Swamp:4)
  A frost giant (Vaults:4)
  5 ghost moths
  4 deep elf sorcerers
  A deep elf elementalist (Elf:1)
  16 vault wardens
  Aizul (Elf:3)
  3 emperor scorpions
  A very ugly thing (Vaults:2)
  The ghost of Hailok the Impaler, a journeyman MfGl of the Shining One (Lair:2)
  4 stone giants
  10 ironheart preservers
  A reaper (Gauntlet)
  4 deep elf annihilators
  The ghost of pigah the Black Sun, a journeyman DsWn of Kikubaaqudgha (Lair:5)
  Azrael (Spider:2)
  2 entropy weavers
  A dire elephant (D:15)
  5 deep elf demonologists
  A minotaur (Gauntlet)
  A bunyip (Lair:3)
  2 green deaths (Swamp:4)
  3 eleionomae (Swamp:4)
  6 deep elf death magi
  2 fire dragons
  2 ettins
  2 deep elf high priests
  A shambling mangrove (Swamp:4)
  2 great orbs of eyes (Vaults:1)
  7 ice dragons
  7 yaktaur captains
  7 vault guards
  2 boulder beetles
  14 hydras
  Erica (D:9)
  A death knight (Vaults:3)
  11 centaur warriors
  29 two-headed ogres
  7 alligators
  12 ogre magi
  A deep troll earth mage (Vaults:3)
  4 hell hogs
  Urug (Lair:3)
  7 dancing weapons
  An orc high priest (Elf:1)
  2 deep troll shamans (Vaults:3)
  A spectral death yak (Lair:2)
  22 deep elf knights
  3 shadow wraiths
  2 skeletal warriors (D:13)
  7 goliath frogs
  3 glowing orange brains
  A sixfirhy (Swamp:4)
  3 unseen horrors
  5 bog bodies
  9 deep trolls (Vaults:3)
  4 wizards
  8 spriggan druids
  An obsidian statue (Vaults:4)
  5 swamp dragons
  17 deep elf archers
  Pikel (D:6)
  13 orc knights
  14 ironbrand convokers
  2 necromancers
  A wolf spider zombie (D:13)
  A phantasmal warrior (Vaults:4)
  19 orb spiders
  24 ugly things
  43 deep elf magi
  33 wolf spiders
  A shining eye (shapeshifter) (Elf:1)
  A cyclops (shapeshifter) (Lair:5)
  2 manticores
  11 orc sorcerers
  5 cyclopes
  7 will-o-the-wisps
  A moth of wrath (Spider:3)
  Maurice (D:13)
  A moth of wrath (shapeshifter) (Vaults:3)
  2 salamanders (Volcano)
  3 centaur zombies (D:13)
  A rust devil (Lair:5)
  3 ice statues (IceCv)
  Joseph (D:9)
  7 black mambas
  16 vault sentinels
  3 elephants (Lair:6)
  3 orange demons (Swamp:4)
  A torpor snail (Spider:2)
  A naga mage (D:15)
  14 cane toads
  Maggie (D:8)
  2 rime drakes
  4 freezing wraiths
  53 yaktaurs
  An efreet (D:15)
  8 komodo dragons
  15 demonic crawlers
  8 ice devils
  3 hellwings (Swamp:4)
  9 tyrant leeches
  25 hornets
  3 meliai (Spider:3)
  4 trolls
  9 polar bears
  A wolf spider simulacrum (D:15)
  Prince Ribbit (D:6)
  A wind drake (shapeshifter) (Vaults:1)
  42 jumping spiders
  A raiju (Gauntlet)
  A meliai zombie (D:13)
  A hornet (shapeshifter) (Elf:2)
  18 slime creatures
  7 blink frogs
  6 dream sheep
  A blink frog (shapeshifter) (D:13)
  86 redbacks
  A spectral black mamba (Lair:2)
  A tarantella (shapeshifter) (D:14)
  Sigmund (D:3)
  30 spriggans
  34 tarantellas
  4 water elementals
  7 air elementals
  3 wyverns
  27 yaks
  3 shadows
  2 wraiths
  A yak (shapeshifter) (Elf:3)
  Grum (D:11)
  5 fire elementals
  16 humans (D:14)
  A fire bat (Volcano)
  2 chaos spawn (Swamp:4)
  4 basilisks
  4 neqoxecs
  8 vampire mosquitoes
  2 steam dragons
  19 wargs
  15 swamp worms
  A soldier ant (D:11)
  4 hell hounds
  18 water moccasins
  2 acid dragons (Vaults:2)
  A hydra simulacrum (Lair:2)
  A water moccasin (shapeshifter) (Vaults:2)
  3 swamp drakes
  2 black bears (Lair:6)
  An ice beast (D:7)
  6 sky beasts
  29 orc warriors
  A necrophage (D:12)
  27 ogres
  12 boggarts
  2 black mamba simulacra (Lair:2)
  12 centaurs
  26 wolves
  2 phantoms
  2 lemures (D:6)
  3 big kobolds
  17 bullfrogs
  2 wyvern zombies (D:13)
  4 earth elementals
  4 scorpions
  A dream sheep simulacrum (Lair:2)
  11 killer bees
  18 wights
  3 electric eels
  2 howler monkeys
  3 bullfrog zombies
  A komodo dragon simulacrum (Lair:2)
  A draconian simulacrum (IceCv)
  6 hounds
  A quasit (D:9)
  4 jellies
  22 orc priests
  Crazy Yiuf (D:7)
  3 centaur skeletons
  4 bullfrog skeletons
  60 orc wizards
  5 iguanas
  Terence (D:3)
  4 hell rats (Lair:1)
  10 worker ants
  2 troll simulacra (IceCv)
  2 spriggan simulacra (IceCv)
  3 centaur simulacra (IceCv)
  A hound zombie (D:10)
  A hound skeleton (D:7)
  4 mummies (D:13)
  A worker ant zombie (D:11)
  4 gnolls (D:8)
  17 adders
  2 naga simulacra (IceCv)
  7 river rats (Lair:1)
  A shadow imp (Gauntlet)
  6 white imps
  An ufetubus (D:5)
  An ooze (D:2)
  2 adder skeletons
  2 adder zombies
  A worm (D:3)
  7 leopard geckos
  131 orcs
  3 ball pythons (D:1)
  4 bats (D:1)
  2 giant cockroaches
  8 goblins
  A hobgoblin (D:1)
  19 jackals
  4 quokkas
  A ball python skeleton (D:4)
  6 frilled lizards
  15 kobolds
  A leopard gecko skeleton (D:5)
  A quokka skeleton (D:9)
  A quokka zombie (D:5)
  12 rats
  2 crawling corpses (Elf:1)
1670 creatures vanquished.

Vanquished Creatures (collateral kills)
  Psyche (D:11)
1 creature vanquished.

Vanquished Creatures (others)
  Nessos (D:15)
  2 deep elf magi (Elf:1)
  A wolf spider (Spider:2)
  A jumping spider (Spider:4)
  4 redbacks
  3 tarantellas
  A fire elemental (Spider:2)
  5 humans (Spider:3)
  An orc wizard (D:9)
  A white imp (Lair:4)
  An orc (Vaults:1)
  20 foxfires
  38 fungi
  79 plants
  A withered plant (D:13)
159 creatures vanquished.

Grand Total: 1830 creatures vanquished

Notes
Turn   | Place    | Note
-------+----------+-------------------------------------------
     0 | D:1      | sahdkjhfkaj the Minotaur Berserker began the quest for the
                  | Orb.
     0 | D:1      | Reached XP level 1. HP: 19/19 MP: 0/0
   211 | D:1      | Reached XP level 2. HP: 27/27 MP: 1/1
  1046 | D:2      | Reached XP level 3. HP: 33/33 MP: 2/2
  1205 | D:2      | Reached ** piety under Trog
  1388 | D:2      | Found an opulent altar of Gozag.
  1755 | D:3      | Noticed Terence
  1759 | D:3      | Noticed Sigmund
  1765 | D:3      | Killed Terence
  1766 | D:3      | Reached XP level 4. HP: 40/40 MP: 3/3
  1767 | D:3      | Found a snail-covered altar of Cheibriados.
  1778 | D:3      | HP: 2/40 [something (4)]
  1801 | D:3      | Killed Sigmund
  1802 | D:3      | Reached skill level 5 in Axes
  1802 | D:3      | Reached XP level 5. HP: 15/47 MP: 4/4
  2179 | D:3      | Found a broken altar of Ashenzari.
  2340 | D:3      | Reached XP level 6. HP: 51/55 MP: 5/5
  2523 | D:3      | Found a shimmering blue altar of Sif Muna.
  2583 | D:3      | Found a hazy altar of Hepliaklqana.
  2584 | D:3      | Found an iron altar of Okawaru.
  2811 | D:4      | Reached skill level 5 in Fighting
  3040 | D:4      | Found Poso's Weapon Boutique.
  3444 | D:4      | Reached XP level 7. HP: 61/61 MP: 6/6
  3698 | D:5      | Entered Level 5 of the Dungeon
  3706 | D:5      | Reached *** piety under Trog
  4164 | D:5      | Found a staircase to the Ecumenical Temple.
  4380 | D:5      | Got a shimmering tower shield
  4390 | D:5      | Identified the +6 tower shield "Ruypn" {rPois} (You found
                  | it on level 5 of the Dungeon)
  4438 | D:5      | Found an opulent altar of Gozag.
  4791 | D:6      | Noticed Prince Ribbit
  4813 | D:6      | Killed Prince Ribbit
  4814 | D:6      | Reached XP level 8. HP: 21/69 MP: 7/7
  5281 | D:6      | Found Isaatyewn's Book Shop.
  5350 | D:6      | Reached skill level 5 in Armour
  5381 | D:6      | Reached **** piety under Trog
  5724 | D:6      | Identified the +0 leather armour of Too Many Cooks {rElec
                  | rF+++ Dex-4 SInv}
  5754 | D:6      | Reached skill level 5 in Dodging
  6089 | D:6      | Reached XP level 9. HP: 77/77 MP: 8/8
  6119 | D:6      | Noticed Pikel
  6153 | D:6      | Killed Pikel
  6237 | D:6      | Noticed a deep elf mage
  6245 | D:6      | Killed a deep elf mage
  6987 | D:7      | Reached XP level 10. HP: 84/86 MP: 9/9
  7329 | D:7      | Found a runed translucent door.
  7330 | D:7      | Noticed Crazy Yiuf
  7381 | D:7      | Killed Crazy Yiuf
  7640 | D:8      | Noticed Maggie
  7660 | D:8      | Killed Maggie
  7661 | D:8      | Reached skill level 10 in Axes
  7661 | D:8      | Reached skill level 10 in Shields
  7779 | D:8      | Found a staircase to the Lair.
  7839 | D:8      | Reached ***** piety under Trog
  7992 | D:7      | Got a fine mace
  7992 | D:7      | Identified the cursed +0 mace of Taxation {vorpal, rC+
                  | Str-5 Int+5} (You found it on level 7 of the Dungeon)
  8906 | D:9      | Received a gift from Trog
  9167 | D:9      | Noticed Joseph
  9177 | D:9      | Killed Joseph
  9366 | D:9      | Found Itato's General Store.
  9441 | D:9      | Noticed Erica
  9448 | D:9      | Killed Erica
  9449 | D:9      | Reached XP level 11. HP: 90/95 MP: 10/10
  9495 | D:9      | Found Cuere's Distillery.
  9634 | D:9      | Found Busseff's Antique Armour Emporium.
  9797 | D:10     | Entered Level 10 of the Dungeon
  9930 | D:10     | Noticed a two-headed ogre
  9936 | D:10     | Killed a two-headed ogre
 10332 | Lair:1   | Entered Level 1 of the Lair of Beasts
 11157 | Lair:2   | Noticed Gastronok
 11175 | Lair:2   | Killed Gastronok
 11176 | Lair:2   | Reached XP level 12. HP: 106/106 MP: 11/11
 11319 | Lair:2   | Received a gift from Trog
 11405 | Lair:2   | Reached skill level 10 in Fighting
 11646 | Lair:2   | Found a runed translucent gate.
 11647 | Lair:2   | Found a runed translucent gate.
 11654 | Lair:2   | Found a runed translucent gate.
 11657 | Lair:2   | Noticed Hailok's ghost (journeyman MfGl)
 11685 | Lair:2   | Killed Hailok's ghost
 12110 | Lair:3   | Found a staircase to the Swamp.
 12238 | Lair:3   | Reached skill level 10 in Armour
 12296 | Lair:3   | Noticed Urug
 12318 | Lair:3   | Killed Urug
 12319 | Lair:3   | Noticed an eight-headed hydra
 12328 | Lair:3   | Killed an eight-headed hydra
 12557 | Lair:3   | Noticed a five-headed hydra
 12577 | Lair:3   | Killed a five-headed hydra
 12796 | Lair:3   | Found a hole to the Spider Nest.
 12826 | Lair:3   | Reached XP level 13. HP: 114/114 MP: 12/12
 13098 | Lair:3   | Got a brightly glowing chain mail
 13108 | Lair:3   | Identified the cursed +0 chain mail of the Stone Wall
                  | {rCorr} (You found it on level 3 of the Lair of Beasts)
 13601 | Lair:4   | Got a warped war axe
 13601 | Lair:4   | Identified the +8 war axe "Demonslayer" {flame, Str+3} (You
                  | found it on level 4 of the Lair of Beasts)
 14410 | Lair:5   | Noticed pigah's ghost (journeyman DsWn)
 14414 | Lair:5   | Found a transporter.
 14439 | Lair:5   | Found a dark tunnel.
 14444 | Volcano  | Entered a volcano
 14570 | Volcano  | Reached skill level 10 in Dodging
 15534 | Lair:5   | Found a one-way gate to the infinite horrors of the Abyss.
 15566 | Lair:5   | Found a transporter.
 15818 | Lair:5   | Killed pigah's ghost
 15819 | Lair:5   | Reached skill level 1 in Evocations
 16695 | Lair:6   | Entered Level 6 of the Lair of Beasts
 16720 | Lair:6   | Received a gift from Trog
 16746 | Lair:6   | Got a steaming broad axe {god gift}
 16746 | Lair:6   | Identified the +4 broad axe of Demon's Regret {vorpal, rF+
                  | Str+6} (Trog gifted it to you on level 6 of the Lair of
                  | Beasts)
 16860 | Lair:6   | Reached skill level 5 in Evocations
 16862 | Lair:6   | Reached XP level 14. HP: 85/124 MP: 13/13
 17461 | Lair:6   | Got a transparent golden ring
 17772 | Lair:6   | Found a staircase to the Slime Pits.
 18441 | D:11     | Found a staircase to the Orcish Mines.
 18655 | D:11     | Noticed Psyche
 18659 | D:11     | Killed Psyche
 18684 | D:11     | Found a stormy altar of Qazlal.
 18759 | D:11     | Received a gift from Trog
 18770 | D:11     | Identified the ring "Lumiten" {+Inv MP+9 Slay+4} (You found
                  | it on level 6 of the Lair of Beasts)
 18948 | D:11     | Noticed Grum
 18957 | D:11     | Killed Grum
 19788 | D:13     | Identified a scroll of acquirement
 19789 | D:13     | Acquired a manual of Dodging
 19864 | D:13     | Noticed Rupert
 19883 | D:13     | Killed Rupert
 19953 | D:13     | Noticed Maurice
 19968 | D:13     | Found a frozen archway.
 19982 | IceCv    | Entered an ice cave
 20000 | IceCv    | Reached skill level 10 in Evocations
 20113 | IceCv    | Reached skill level 15 in Shields
 20309 | IceCv    | Reached skill level 15 in Axes
 20534 | D:13     | Killed Maurice
 20578 | D:13     | Noticed Frances
 20587 | D:13     | Killed Frances
 20781 | D:13     | Found Puefioff's Weapon Emporium.
 21414 | D:14     | Found Osoin's General Store.
 21462 | D:14     | Received a gift from Trog
 21463 | D:14     | Reached XP level 15. HP: 124/132 MP: 14/14
 21780 | D:14     | Noticed Agnes
 21792 | D:14     | Killed Agnes
 21845 | D:14     | Found a gate to the Vaults.
 22083 | D:14     | Noticed Jorgrun
 22099 | D:14     | Killed Jorgrun
 22233 | D:15     | Entered Level 15 of the Dungeon
 22251 | D:15     | Found Oterhoev's Antique Weapon Shop.
 22251 | D:15     | Found a gate leading to a gauntlet.
 22258 | Gauntlet | Entered a Gauntlet
 22258 | Gauntlet | Found a large runed translucent door.
 22258 | Gauntlet | Found a large runed translucent door.
 22258 | Gauntlet | Found a large runed translucent door.
 22258 | Gauntlet | Found a large runed translucent door.
 22258 | Gauntlet | Found a large runed translucent door.
 22258 | Gauntlet | Found a large runed translucent door.
 22258 | Gauntlet | Found a transporter.
 22258 | Gauntlet | Found a large runed translucent door.
 22258 | Gauntlet | Found a large runed translucent door.
 22258 | Gauntlet | Found a runed translucent door.
 22258 | Gauntlet | Found a runed translucent gate.
 22258 | Gauntlet | Found a runed translucent gate.
 22258 | Gauntlet | Found a transporter.
 22258 | Gauntlet | Found a transporter.
 22289 | Gauntlet | Found a transporter.
 22292 | Gauntlet | Found a transporter.
 22296 | Gauntlet | Found a runed translucent door.
 22296 | Gauntlet | Found a runed translucent door.
 22300 | Gauntlet | Found a transporter.
 22303 | Gauntlet | Found a transporter.
 22320 | Gauntlet | Found a transporter.
 22329 | Gauntlet | Found a transporter.
 22335 | Gauntlet | Found a transporter.
 22337 | Gauntlet | Found a transporter.
 22347 | Gauntlet | Found a transporter.
 22398 | Gauntlet | Found a runed translucent gate.
 22399 | Gauntlet | Found a large runed translucent door.
 22399 | Gauntlet | Found a large runed translucent door.
 22400 | Gauntlet | Found a large runed translucent door.
 22401 | Gauntlet | Found a large runed translucent door.
 22402 | Gauntlet | Found a large runed translucent door.
 22402 | Gauntlet | Found a large runed translucent door.
 22402 | Gauntlet | Found a runed translucent door.
 22403 | Gauntlet | Found a large runed translucent door.
 22404 | Gauntlet | Found a large runed translucent door.
 22698 | D:15     | Noticed a tengu reaver
 22707 | D:15     | Noticed a shadow dragon
 22707 | D:15     | a tengu reaver changed into a shadow dragon
 22716 | D:15     | Killed a shadow dragon
 23238 | D:15     | Noticed Nessos
 23256 | D:15     | Killed Nessos
 23463 | D:15     | Found a staircase to the Depths.
 23822 | Orc:1    | Entered Level 1 of the Orcish Mines
 24002 | Orc:1    | Reached ****** piety under Trog
 24008 | Orc:1    | Received a gift from Trog
 24015 | Orc:1    | Got an ichor-stained broad axe {god gift}
 24015 | Orc:1    | Identified the +3 broad axe of Puupt {flame, rPois rF+
                  | Will- Stlth+} (Trog gifted it to you on level 1 of the
                  | Orcish Mines)
 24107 | Orc:1    | Found a roughly hewn altar of Beogh.
 24765 | Orc:2    | Entered Level 2 of the Orcish Mines
 24820 | Orc:2    | Received a gift from Trog
 24894 | Orc:2    | Found a roughly hewn altar of Beogh.
 24926 | Orc:2    | Found Kupaog's Assorted Antiques.
 24926 | Orc:2    | Found Xairgh's General Store.
 25032 | Orc:2    | Found a staircase to the Elven Halls.
 25095 | Orc:2    | Received a gift from Trog
 25303 | Orc:2    | Found Utasch's Distillery.
 25376 | Orc:2    | Found a roughly hewn altar of Beogh.
 25526 | Orc:2    | Found Roliamou's Gadget Shop.
 25526 | Orc:2    | Found Okaerhaf's Assorted Antiques.
 25690 | Swamp:1  | Entered Level 1 of the Swamp
 26047 | Lair:3   | Reached XP level 16. HP: 112/141 MP: 15/15
 26621 | Swamp:1  | Found a runed translucent door.
 26621 | Swamp:1  | Noticed Zonian's ghost (adept TeCj)
 26768 | Swamp:1  | Killed Zonian's ghost
 28883 | Swamp:4  | Entered Level 4 of the Swamp
 29048 | Swamp:4  | Received a gift from Trog
 29050 | Swamp:4  | Noticed Bai Suzhen
 29073 | Swamp:4  | Killed Bai Suzhen
 29721 | Swamp:4  | Reached XP level 17. HP: 143/150 MP: 16/16
 29734 | Swamp:4  | Received a gift from Trog
 29807 | Swamp:4  | Got a decaying rune of Zot
 30746 | Spider:1 | Entered Level 1 of the Spider Nest
 31292 | Spider:2 | Noticed Azrael
 31307 | Spider:2 | Received a gift from Trog
 31308 | Spider:2 | Killed Azrael
 32210 | Spider:2 | You fall into a shaft and drop 1 floor!
 32341 | Spider:3 | Reached skill level 15 in Dodging
 32566 | Spider:3 | Received a gift from Trog
 32586 | Spider:3 | Noticed Kirke
 32593 | Spider:2 | HP: 5/152 [wolf spider (16)]
 32593 | Spider:2 | HP: 1/152 [wolf spider (3)]
 33055 | Spider:2 | Killed Kirke
 33767 | Spider:4 | Entered Level 4 of the Spider Nest
 33819 | Spider:4 | Noticed Arachne
 34271 | Spider:4 | Killed Arachne
 34272 | Spider:4 | Reached XP level 18. HP: 158/161 MP: 17/17
 34290 | Spider:4 | Received a gift from Trog
 35927 | Spider:4 | Got a gossamer rune of Zot
 36205 | Vaults:1 | Entered Level 1 of the Vaults
 36246 | Vaults:1 | Received a gift from Trog
 36311 | Vaults:1 | Noticed Asterion
 36329 | Vaults:1 | Killed Asterion
 36359 | Vaults:1 | Reached skill level 15 in Fighting
 36514 | Vaults:1 | Found a runed translucent door.
 36757 | Vaults:1 | Reached skill level 15 in Armour
 37192 | Vaults:1 | Received a gift from Trog
 37486 | Vaults:1 | Noticed Twinkles's ghost (adept MfIE)
 37507 | Vaults:1 | Killed Twinkles's ghost
 37633 | Vaults:2 | Reached XP level 19. HP: 162/170 MP: 18/18
 37998 | Vaults:2 | Found a staircase to the Crypt.
 37998 | Vaults:2 | Found an ancient bone altar of Kikubaaqudgha.
 37999 | Vaults:2 | Found a basalt altar of Yredelemnul.
 38236 | Vaults:2 | Received a gift from Trog
 38779 | Vaults:2 | Found Suhoasaj's Antique Weapon Shop.
 39404 | Vaults:3 | Received a gift from Trog
 40042 | Vaults:3 | Received a gift from Trog
 40043 | Vaults:3 | Reached XP level 20. HP: 180/180 MP: 19/19
 41174 | Vaults:4 | Found Mig Gaec's Distillery.
 41240 | Vaults:4 | Found Sodeb's Magic Scroll Boutique.
 41257 | Vaults:4 | Bought a scroll of acquirement for 988 gold pieces
 41257 | Vaults:4 | Acquired a manual of Armour
 41541 | Vaults:4 | Found Utax Dicw's Antique Weapon Boutique.
 41948 | Vaults:4 | Received a gift from Trog
 41988 | Vaults:4 | Noticed Donald
 41994 | Vaults:4 | Killed Donald
 42231 | Vaults:4 | Found a runed translucent gate.
 42231 | Vaults:4 | Found a runed translucent gate.
 42231 | Vaults:4 | Found a runed translucent gate.
 42232 | Vaults:4 | Found an opulent altar of Gozag.
 42232 | Vaults:4 | Noticed Mycling's ghost (veteran DsFi)
 42236 | Vaults:4 | Found Eveutos's Assorted Antiques.
 42334 | Vaults:4 | Killed Mycling's ghost
 42629 | Vaults:4 | Found a portal to a secret trove of treasure.
 42911 | Elf:1    | Entered Level 1 of the Elven Halls
 42911 | Elf:1    | Noticed Nikola
 43009 | Orc:2    | Killed Nikola
 43298 | Elf:1    | Identified the ring "Ethrunt" {rElec rPois rF+ Dex+4} (You
                  | found it on level 1 of the Elven Halls)
 43367 | Elf:1    | Received a gift from Trog
 43560 | Elf:1    | Reached XP level 21. HP: 189/189 MP: 20/20
 43597 | Elf:1    | Found a runed translucent gate.
 43597 | Elf:1    | Found a runed translucent gate.
 43597 | Elf:1    | Found a runed translucent gate.
 43597 | Elf:1    | Found a runed translucent gate.
 43597 | Elf:1    | Found a runed translucent gate.
 43598 | Elf:1    | Found a runed translucent gate.
 44211 | Elf:2    | Received a gift from Trog
 44232 | Elf:2    | Found Ycynalup's Magic Scroll Shop.
 44262 | Elf:2    | Found a runed translucent gate.
 44264 | Elf:2    | Found a runed translucent gate.
 44268 | Elf:2    | Found a runed translucent gate.
 44293 | Elf:2    | Bought a scroll of acquirement for 884 gold pieces
 44293 | Elf:2    | Acquired 758 gold pieces
 44392 | Elf:2    | Found Tyurgh's Antique Weapon Boutique.
 44785 | Elf:3    | Entered Level 3 of the Elven Halls
 44863 | Elf:3    | Found a radiant altar of Vehumet.
 45040 | Elf:3    | Noticed Aizul
 45046 | Elf:3    | Killed Aizul
 45257 | Elf:3    | Received a gift from Trog
 45367 | Elf:3    | Killed from afar by a ghostly deep elf death mage

Illustrated notes

Levels and vault maps discovered:
D:1:      zelgadis_glass_arrival_small, layout_basic, minmay_shallow_snake_nest
D:2:      layout_basic, minmay_hexomino_r4
D:3:      layout_basic, general_overflow_altar, evilmike_ruin_ashenzari,
          lemuel_crystal_altar, gammafunk_temple_overflow_pools,
          kennysheep_boxes, uniq_sigmund, uniq_terence
D:4:      layout_loops_ring, serial_shops, shop
D:5:      layout_rooms, grunt_gozag_statues, minmay_temple_entry_grid
D:6:      layout_basic, serial_shops, nicolae_shop_behind_doors,
          guppyfry_early_elven_hall, uniq_prince_ribbit1, uniq_pikel
D:7:      layout_cave_pods, uniq_crazy_yiuf_cottage
D:8:      layout_basic, erik_lair_orcish_takeover, uniq_maggie
D:9:      layout_loops_ring, serial_glass, glass_columns_a, glass_columns_a,
          glass_columns_a, glass_columns_b, glass_columns_a, glass_columns_b,
          glass_columns_a, glass_columns_c, serial_shops,
          nicolae_shop_window_shopping, shop, shop, uniq_joseph, uniq_erica
D:10:     layout_rooms
D:11:     layout_roguey, david_orc_3, basic_altar, uniq_psyche, uniq_grum
D:12:     layout_loops_ring
D:13:     layout_long_grid, serial_shops, nicolae_shop_statue_plus,
          serial_undead, serial_undead_f, serial_undead_d, serial_undead_b,
          serial_undead_e, portal_ice_cave_demonic_guard, uniq_frances,
          uniq_rupert, uniq_maurice
D:14:     layout_gridville, david_vaults_3, serial_shops, shop, minivault_25_ag,
          uniq_agnes, uniq_jorgrun
D:15:     hangedman_depths_entry_try_elsewhere_first, layout_cross,
          serial_shops, shop, serial_park, gauntlet_entry_generic,
          dispersion_dpeg, uniq_nessos
Lair:1:   layout_hall_layers, kennysheep_abandoned_house
Lair:2:   minmay_lair_venomous_thicket, layout_regular_city,
          gammafunk_ghost_necromancy, serial_bayou_shore_b, lemuel_fruit_fields,
          uniq_gastronok
Lair:3:   layout_cave_pods, skrybe_swamp_entry_bodies,
          spider_nest_entry_web_field, infiniplex_staircase_pool_2,
          grunt_megastairs_4, uniq_urug
Lair:4:   layout_cave_shapes, bobbens_ice_dragon_lair
Lair:5:   layout_regular_city, gammafunk_ghost_abyssal_escape, enter_volcano_4,
          serial_bayou_lagoon_b
Lair:6:   minmay_lair_end_enchanted_forest, layout_long_grid,
          dpeg_slime_entry_corner, chequers_serial_rivers_micro_c
Swamp:1:  layout_basic_swamp, gammafunk_ghost_grave,
          evilmike_swamp_ruin_rubble_1
Swamp:2:  layout_basic_swamp, nicolae_swamp_orc_logging_accident
Swamp:3:  layout_basic_swamp, serial_swamp_ruin, evilmike_swamp_ruin_house_5,
          evilmike_swamp_ruin_house_4, nicolae_swamp_dense_foliage
Swamp:4:  nzn_swamp_witches_coven, layout_basic_swamp, swamp_pool2,
          uniq_bai_suzhen
Spider:1: layout_spider_delve
Spider:2: layout_spider_delve, nicolae_spider_webbed_stairs, uniq_azrael
Spider:3: nicolae_spider_mines_3, guppyfry_spider_mini_1, uniq_kirke
Spider:4: grunt_spider_rune_parallel, uniq_arachne
Orc:1:    layout_diamond_mine, basic_altar, nicolae_orc_pool_cavern
Orc:2:    st_orc_town, layout_diamond_mine, serial_shops, shop_fountains,
          basic_altar
Elf:1:    minmay_elf_arrival_circle, layout_rooms, orc_legates,
          minmay_misc_feat_rows, uniq_nikola
Elf:2:    layout_loops_cross, serial_shops, nicolae_shop_stone, shop_coins,
          lemuel_elevator
Elf:3:    grunt_elf_hall_asides, layout_geoelf_castle, basic_altar, uniq_aizul
Vaults:1: ebering_vaults_ghost_inner_flame, v_misc_15,
          nicolae_vaults_little_squares_2, nicolae_vaults_yaktaur_gun_rack,
          dpeg_vaults_monster_box, vaults_room_ringed_pool,
          hangedman_vaults_corner_blocks, vaults_room_door_ring,
          vaults_dpeg_cross, nicolae_vaults_gold_heap,
          layout_vaults_chaotic_city, uniq_asterion
Vaults:2: nicolae_vaults_bisected_inception,
          nicolae_vaults_windows_and_doors_thing, nicolae_vaults_triangles,
          ontoclasm_vaults_gallery, v_misc_28, minmay_crypt_entry_necro_gods,
          nicolae_vaults_network_s, hangedman_vaults_capsules, v_misc_16,
          ontoclasm_vaults_fault, v_misc_1, nicolae_vaults_little_squares_3,
          grunt_vaults_hallway_short, nicolae_vaults_little_squares_5,
          layout_vaults_big_cross, serial_shops,
          nicolae_shop_competitors_out_of_business
Vaults:3: v_alt_pattern_5, vaults_room_grid, nicolae_vaults_puzzle_piece,
          dpeg_vaults_waves, hangedman_vaults_corner_blocks,
          ontoclasm_vaults_pinch, v_misc_12, vaults_dpeg_encased_lava,
          nicolae_vaults_little_squares_4, nicolae_vaults_alarming,
          layout_vaults_omnigrid
Vaults:4: ebering_vaults_ghost_gozag, ontoclasm_vaults_claustrophobia,
          hangedman_vaults_impose, v_misc_8, nicolae_vaults_rhombus_6,
          nicolae_vaults_diagonal_hallway_6, ontoclasm_vaults_ligature,
          v_misc_24, vaults_room_grid, grunt_vaults_hallway_long,
          grunt_vaults_funnel, vaults_dpeg_ring, layout_vaults_omnibox,
          nicolae_trove_entry_crystal, serial_shops, shop,
          nicolae_shop_behind_doors,
          nicolae_shop_temple_entry_statues_fountains, uniq_donald, uniq_margery

Skill      XL: |  1  2  3  4  5  6  7  8  9 10 11 12 13 14 15 16 17 18 19 20 21 |
---------------+----------------------------------------------------------------+-----
Axes           | 4 5 6 7 8 9 11 12 13 14 15 16 17 19 20 21 22 | 22.0
Fighting       | 4 5 6 7 8 9 10 11 12 13 14 15 16 | 16.8
Armour         | 3 4 5 6 8 9 10 11 12 13 14 15 18 21 | 21.3
Dodging        | 3 4 5 6 7 8 9 10 12 14 15 16 17 18 | 18.0
Shields        | 3 6 8 9 11 12 13 14 15 16 17 19 20 21 22 | 22.0
Evocations     | 5 10 | 10.0

Action                   |  1- 3 |  4- 6 |  7- 9 | 10-12 | 13-15 | 16-18 | 19-21 || total
-------------------------+-------+-------+-------+-------+-------+-------+-------++-------
Melee: Hand axe          |    74 |   107 |   355 |   198 |       |       |       ||   734
       Headbutt          |     6 |    22 |    62 |   122 |   213 |   273 |   277 ||   975
       War axe           |       |       |       |   405 |   208 |    27 |       ||   640
       Mace              |       |       |       |    22 |     5 |       |       ||    27
       Broad axe         |       |       |       |       |   734 |  1047 |   955 ||  2736
Invok: Berserk           |     2 |     1 |     6 |     5 |     8 |     5 |     8 ||    35
       Trog's Hand       |       |     1 |       |     2 |     6 |     3 |     1 ||    13
Evoke: Box of beasts     |       |       |       |       |     1 |       |       ||     1
       Wand              |       |       |       |       |     5 |     2 |       ||     7
       Lightning rod     |       |       |       |       |       |       |     1 ||     1
       Condenser vane    |       |       |       |       |       |       |     1 ||     1
  Use: Scroll            |       |     4 |     7 |    10 |    13 |     3 |     5 ||    42
       Potion            |       |     3 |       |       |     1 |     5 |     2 ||    11
 Stab: Distracted        |       |       |       |       |       |       |     2 ||     2
Armor: Animal skin       |     8 |       |       |       |       |       |       ||     8
       Scale mail        |    24 |    37 |    37 |       |       |       |       ||    98
       Chain mail        |       |       |    95 |   128 |   247 |    36 |       ||   506
       Storm dragon scal |       |       |       |       |       |   418 |   119 ||   537
Dodge: Dodged            |    56 |    55 |    86 |    69 |   145 |   458 |   152 ||  1021
Block: Buckler           |       |     4 |    18 |       |       |       |       ||    22
       Tower shield      |       |       |   306 |   769 |  1296 |  1836 |   976 ||  5183
       Reflection        |       |       |       |    18 |    48 |    55 |   152 ||   273

Table legend: (Time is in decaauts)
 A = Elapsed time spent in this place.
 B = Non-inter-level travel time spent in this place.
 C = Inter-level travel time spent in this place.
 D = Time resting spent in this place.
 E = Time spent auto-exploring this place.
 F = Levels seen in this place.
 G = Mean time per level.
                   A        B        C        D        E       F      G
               +--------+--------+--------+--------+--------+-----+--------+
         Total |  45569 |  42988 |   2581 |   8654 |  26129 |  41 | 1111.4 |
       Dungeon |  15182 |  14036 |   1146 |   1500 |  10161 |  15 | 1012.1 |
          Lair |   7757 |   7111 |    646 |   1663 |   4283 |   6 | 1292.8 |
         Swamp |   4829 |   4618 |    211 |    881 |   2892 |   4 | 1207.2 |
   Spider Nest |   5271 |   5069 |    202 |   2601 |   1378 |   4 | 1317.8 |
  Orcish Mines |   1894 |   1836 |     58 |    297 |   1191 |   2 |  947.0 |
   Elven Halls |   2280 |   2200 |     80 |    334 |   1367 |   3 |  760.0 |
        Vaults |   6459 |   6223 |    236 |    611 |   4279 |   4 | 1614.8 |
      Ice Cave |    514 |    514 |      0 |    213 |    133 |   1 |  514.0 |
       Volcano |    961 |    961 |      0 |    420 |    275 |   1 |  961.0 |
      Gauntlet |    417 |    417 |      0 |    131 |    168 |   1 |  417.0 |
               +--------+--------+--------+--------+--------+-----+--------+

Top non-repeatable levels by time:
Spider:3: 1940 daAuts
  Lair:3: 1897 daAuts
     D:6: 1756 daAuts
Vaults:4: 1714 daAuts
Vaults:3: 1684 daAuts
Spider:1: 1683 daAuts
Vaults:2: 1664 daAuts
 Swamp:4: 1615 daAuts
  Lair:6: 1557 daAuts
  Lair:5: 1430 daAuts
Vaults:1: 1397 daAuts
     D:8: 1378 daAuts
 Swamp:3: 1259 daAuts
     D:7: 1176 daAuts
 Swamp:1: 1143 daAuts
